 Dungeon Crawl Stone Soup version 0.32-a0-131-g9dbbe29 (webtiles) character file.

Game seed: 5521852872010162618

6 Dorkslayer the Ducker (level 1, -1/16 HPs)
             Began as an Octopode Fighter on Feb 8, 2024.
             Slain by a quokka (4 damage)
             ... on level 1 of the Dungeon.
             The game lasted 00:00:29 (142 turns).

Dorkslayer the Ducker (Octopode Fighter)             Turns: 142, Time: 00:00:29

Health: -1/16      AC:  1    Str: 15    XL:     1   Next: 90%
Magic:  1/1        EV: 13    Int: 10    God:
Gold:   12         SH:  4    Dex: 11    Spells: 0/0 levels left

rFire   . .          .
                       - Unarmed
rCold   . . .        a - +0 buckler
rNeg    . . .        (helmet restricted)
rPois   .            (no amulet)
rElec   .            (no ring)
rCorr   .            (no ring)
SInv    .            (no ring)
Will    .....        (no ring)
Stlth   ++           (no ring)
HPRegen 0.22/turn    (no ring)
MPRegen 0.07/turn    (no ring)
                     (no ring)

%: no passive effects
@: no status effects
A: almost no armour, amphibious, 8 rings, camouflage 1, gelatinous body 1,
(nimble swimmer 1), tentacles
a: no special abilities


You were on level 1 of the Dungeon.
You visited 1 branch of the dungeon, and saw 1 of its levels.

You collected 12 gold pieces.

Inventory:

Armour
 a - a +0 buckler (worn)
Scrolls
 c - a scroll of noise {unknown}
Potions
 b - a potion of might


   Skills:
 + Level 3.0 Fighting
 + Level 3.1 Dodging
 + Level 3.0 Shields
 * Level 2.2 Unarmed Combat


You couldn't memorise any spells.
You didn't know any spells.
Your spell library was empty.

Dungeon Overview and Level Annotations

Branches:
Dungeon (1/15)

Altars:


Innate Abilities, Weirdness & Mutations

You cannot wear most types of armour.
You are amphibious.
You can wear up to eight rings at the same time.
Your skin changes colour to match your surroundings (Stealth+).
Your rubbery body absorbs attacks. (AC +1, EV +1)
((You are camouflaged when in or above water. (Stealth+)))
You have tentacles for arms and can constrict up to eight enemies at once.


Message History

The helpless goblin fails to defend itself.
You tentacle-slap the goblin.
You kill the goblin!
The helpless quokka fails to defend itself.
You tentacle-slap the quokka. Your grab misses the quokka.
Your squeeze misses the quokka.
The quokka is moderately wounded.
The quokka bites you.
The quokka bites you but does no damage.
You closely miss the quokka. Your grab misses the quokka.
The quokka is moderately wounded.
The quokka twitches its whiskers.
The quokka bites you.
You tentacle-slap the quokka but do no damage.
You grab the quokka.
You tentacle-slap the quokka, but do no damage.
The quokka is moderately wounded.
You constrict the quokka. The quokka bites you.
You tentacle-slap the quokka.
You kill the quokka!
The kobold throws a stone.
The stone hits you.
A goblin comes into view. It is wielding a +0 club.
The goblin shouts!
The kobold hits you with a +0 club.
* * * LOW HITPOINT WARNING * * *
A bat comes into view.
A quokka comes into view.
You tentacle-slap the kobold.
You kill the kobold!
Things that are here:
a +0 club; a stone; a kobold corpse The bat barely misses you.
Things that are here:
a +0 club; a stone; a kobold corpse The bat closely misses you.
The goblin closely misses you.
You tentacle-slap the goblin but do no damage.
You grab the goblin. You constrict the goblin. You block the bat's attack.
The goblin hits you with a +0 club.
* * * LOW HITPOINT WARNING * * *
You block the bat's attack. The quokka bites you.
You die...

..........#. ###...#.##.#
### ##.##.##.# ...
#.##.##.# ####.#########
##........ .............#
#......... #...........#
#...>.....
#.......)....###...######
.......b@........#.# #
#.....(rg....###...#
##.......?..)# #####
##..........#
##.####.#### ## #.. #..
..#. #.


You could see a quokka, a goblin and a bat.

Vanquished Creatures
  An endoplasm (D:1)
  A quokka (D:1)
  A goblin (D:1)
  3 kobolds (D:1)
6 creatures vanquished.

Notes
Turn   | Place    | Note
-------+----------+-------------------------------------------
     0 | D:1      | Dorkslayer the Octopode Fighter began the quest for the
                  | Orb.
     0 | D:1      | Reached XP level 1. HP: 16/16 MP: 1/1
   142 | D:1      | Slain by a quokka

Illustrated notes

Levels and vault maps discovered:
D:1:      scummos_arrival_forest, layout_loops_ring, basic_ecumenical_altar,
          columned_hall_lemuel, chequers_serial_rivers_marsh,
          nicolae_figureground_pulse

Action                     || total
---------------------------++-------
  Melee: Unarmed           ||    11
         Constrict         ||     3
         Tentacles         ||     3
         Punch             ||     1
   Stab: Sleeping          ||     3
 Armour: Skin              ||     9
  Dodge: Dodged            ||     3
  Block: Buckler           ||     2

Table legend: (Time is in decaauts)
 A = Elapsed time spent in this place.
 B = Non-inter-level travel time spent in this place.
 C = Inter-level travel time spent in this place.
 D = Time resting spent in this place.
 E = Time spent auto-exploring this place.
 F = Levels seen in this place.
 G = Mean time per level.
                   A        B        C        D        E       F      G
               +--------+--------+--------+--------+--------+-----+--------+
         Total |    141 |    141 |      0 |      0 |     97 |   1 |  141.0 |
       Dungeon |    141 |    141 |      0 |      0 |     97 |   1 |  141.0 |
               +--------+--------+--------+--------+--------+-----+--------+

Top non-repeatable levels by time:
     D:1: 141 daAuts
